 Dungeon Crawl Stone Soup version 0.26-a0-962-g9b92081034 (webtiles) character file.

Game seed: 5108410309898388239

11 MordorOrchid the Sneak (level 2, 0/19 HPs)
             Began as a Gargoyle Delver on Dec 2, 2020.
             Slain by a worker ant (6 damage)
             ... on level 5 of the Dungeon.
             The game lasted 00:01:31 (753 turns).

MordorOrchid the Sneak (Gargoyle Delver)             Turns: 753, Time: 00:01:32

Health: 0/19       AC:  5    Str: 15    XL:     2   Next: 29%
Magic:  2/2        EV: 11    Int: 10    God:
Gold:   25         SH:  0    Dex: 11    Spells: 1/1 levels left

rFire    . . .     SeeInvis .   a - +0 flail (curse)
rCold    . . .     Faith    .   (no shield)
rNeg     + . .     Spirit   .   b - +0 leather armour
rPois    ∞         Reflect  .   (no helmet)
rElec    +         Harm     .   (no cloak)
rCorr    .         Rampage  .   (no gloves)
MR       .....                  (no boots)
Stlth    +++.......             (no amulet)
HPRegen  0.06/turn              (no ring)
MPRegen  0.08/turn              (no ring)

@: no status effects
A: negative energy resistance 1, electricity resistance, unbreathing,
petrification resistance, rot immunity, AC +2
a: no special abilities


You were on level 5 of the Dungeon.
You visited 1 branch of the dungeon, and saw 1 of its levels.

You collected 25 gold pieces.

Inventory:

Hand Weapons
 a - a cursed +0 flail (weapon)
 k - a +0 mace
Missiles
 j - 8 poisoned darts (quivered)
Armour
 b - a +0 leather armour (worn)
Wands
 g - a wand of digging (3)
 l - a wand of enslavement (11)
Scrolls
 c - a scroll of fog
 d - a scroll of magic mapping
 e - a scroll of fear
 h - 2 scrolls of identify {unknown}
Potions
 f - a potion of haste
 i - a potion of invisibility {unknown}


   Skills:
 - Level 3.4 Fighting
 + Level 2.4 Maces & Flails
 - Level 1.5 Dodging
 - Level 5.6 Stealth


You had one spell level left.
You didn't know any spells.
Your spell library was empty.

Dungeon Overview and Level Annotations

Branches:
Dungeon (5/15)
 Temple: D:4-7

Altars:
Nemelex Xobeh


Innate Abilities, Weirdness & Mutations

You are resistant to torment.
Your stone body is resilient. (AC +2)
You are immune to poison.
You resist negative energy. (rN+)
You are resistant to electric shocks. (rElec)
You can survive without breathing.
You are immune to petrification.
You are immune to rotting.


Message History

You are too injured to fight recklessly!
You are too injured to fight recklessly!
You are too injured to fight recklessly!
You are too injured to fight recklessly!
You are too injured to fight recklessly!
You are too injured to fight recklessly!
You are too injured to fight recklessly!
You are too injured to fight recklessly!
You are too injured to fight recklessly!
You barely miss the worker ant.
The worker ant is almost dead.
The worker ant closely misses you. x2
You barely miss the worker ant.
The worker ant is almost dead.
The worker ant bites you.
You hit the worker ant but do no damage.
The worker ant is almost dead.
The worker ant bites you but does no damage.
The worker ant bites you.
You die...

## ### #. ..# #[
#.############
######B####.<...........
$......@................
######.####.......####.#
...####'#####.# #.#
#####.....# #.# #.#
#.....# #.# #.. #.....#
#.# #.#
#.....####.####.#
#.....##.........
#.........####..#


You could see a worker ant.

Vanquished Creatures
  A worm (D:5)
  3 orcs (D:5)
  A frilled lizard (D:5)
  A leopard gecko skeleton (D:5)
  A quokka zombie (D:5)
7 creatures vanquished.

Notes
Turn   | Place    | Note
-------+----------+-------------------------------------------
     0 | D:5      | MordorOrchid the Gargoyle Delver began the quest for the
                  | Orb.
     0 | D:5      | Reached XP level 1. HP: 14/14 MP: 1/1
    21 | D:5      | Noticed a centaur
   566 | D:5      | Reached XP level 2. HP: 14/19 MP: 2/2
   569 | D:5      | Found a sparkling altar of Nemelex Xobeh.
   753 | D:5      | Slain by a worker ant

Illustrated notes

Levels and vault maps discovered:
D:5:      layout_basic, kennysheep_mini, kennysheep_little_box,
          minmay_misc_feat_diagonals

Action                   || total
-------------------------++-------
Melee: Mace              ||    11
       Flail             ||    23
 Stab: Sleeping          ||     2
Armor: Leather armour    ||     8
Dodge: Dodged            ||    15

Table legend: (Time is in decaauts)
 A = Elapsed time spent in this place.
 B = Non-inter-level travel time spent in this place.
 C = Inter-level travel time spent in this place.
 D = Time resting spent in this place.
 E = Time spent auto-exploring this place.
 F = Levels seen in this place.
 G = Mean time per level.
                   A        B        C        D        E       F      G
               +--------+--------+--------+--------+--------+-----+--------+
         Total |    762 |    729 |     33 |      0 |    541 |   1 |  762.0 |
       Dungeon |    762 |    729 |     33 |      0 |    541 |   1 |  762.0 |
               +--------+--------+--------+--------+--------+-----+--------+

Top non-repeatable levels by time:
     D:5: 762 daAuts
